 Dungeon Crawl Stone Soup version 0.30-a0-585-g93115170b9 (webtiles) character file.

Game seed: 973822515645792590

48 drugrobin the Sneak (level 3, 0/30 HPs)
             Began as a Demigod Delver on Jan 1, 2023.
             Slain by a gnoll
             ... wielding a +0 flail
              (11 damage)
             ... on level 2 of the Dungeon.
             The game lasted 00:02:14 (650 turns).

drugrobin the Sneak (Demigod Delver)                 Turns: 650, Time: 00:02:14

Health: 0/30       AC:  6    Str: 17    XL:     3   Next: 30%
Magic:  5/5        EV: 12    Int: 12    God:
Gold:   37         SH:  0    Dex: 15    Spells: 2/2 levels left

rFire   . . .      SeeInvis .    a - +0 falchion
rCold   . . .      Faith    .    (no shield)
rNeg    . . .      Spirit   .    b - +0 leather armour
rPois   .          Reflect  .    (no helmet)
rElec   .          Harm     .    (no cloak)
rCorr   .          Rampage  .    h - +2 pair of gloves
Will    .....                    (no boots)
Stlth   +++                      (no amulet)
HPRegen 0.25/turn                (no ring)
MPRegen 0.09/turn                (no ring)

@: no status effects
A: high MP 1, forlorn, divine attributes
a: no special abilities


You were on level 2 of the Dungeon.
You visited 1 branch of the dungeon, and saw 4 of its levels.

You collected 37 gold pieces.

Inventory:

Hand Weapons
 a - a +0 falchion (weapon)
Missiles
 j - 6 poisoned darts (quivered)
Armour
 b - a +0 leather armour (worn)
 h - a +2 pair of gloves (worn)
 p - an orb of mayhem
Wands
 g - a wand of digging (3)
 m - a wand of quicksilver (6)
Scrolls
 c - a scroll of fog
 d - a scroll of magic mapping
 e - a scroll of fear
 i - a scroll of torment {unknown}
 k - a scroll of teleportation {unknown}
 l - a scroll of blinking {unknown}
 o - a scroll of poison {unknown}
 q - a scroll of amnesia {unknown}
Potions
 f - a potion of haste
 n - 2 potions of flight {unknown}


   Skills:
 - Level 2.6 Fighting
 + Level 3.6 Long Blades
 - Level 1.7 Dodging
 - Level 4.5 Stealth


You had 2 spell levels left.
You didn't know any spells.
Your spell library contained the following spells:

 Spells                   Type           Power      Damage    Failure   Level
 Passage of Golubria      Tloc           0%         N/A       99%         4
 Silence                  Hex/Air        0%         N/A       100%        5
 Lehudib's Crystal Spear  Conj/Erth      0%         10d2      100%        8


Dungeon Overview and Level Annotations

Branches:
Dungeon (5/15)
 Temple: D:4-7


Innate Abilities, Weirdness & Mutations

You have an increased reservoir of magic. (+10% MP)
You shall have no god before yourself.
Your divine heritage dramatically boosts your attributes as you level up.


Message History

You see here a +0 dagger.
The frilled lizard hisses angrily.
Unknown command.
You see here a +0 dagger.
The frilled lizard barely misses you.
You closely miss the frilled lizard. The frilled lizard closely misses you.
You hit the frilled lizard.
You kill the frilled lizard!
You see here a +0 dagger.
A gnoll comes into view. It is wielding a +0 club.
You see here a +0 dagger.
The gnoll shouts!
You hear a shout! x2
You closely miss the gnoll. The gnoll barely misses you.
You hit the gnoll.
The gnoll is moderately wounded.
The gnoll barely misses you.
You barely miss the gnoll.
The gnoll is moderately wounded.
The gnoll hits you but does no damage.
A gnoll comes into view. It is wielding a +0 flail.
A gnoll comes into view. It is wielding a +0 flail.
The gnoll misses you.
You barely miss the gnoll.
The gnoll is moderately wounded.
The gnoll hits you with a +0 club.
You hit the gnoll.
The gnoll is moderately wounded.
The gnoll hits you with a +0 club.
A gnoll comes into view. It is wielding a +0 whip.
The gnoll shouts!
You hit the gnoll.
The gnoll is heavily wounded.
The gnoll barely misses you. The gnoll misses you.
The gnoll hits you with a +0 flail!
Unknown command.
You slash the gnoll!
You kill the gnoll!
A goblin comes into view. It is wielding a +0 club.
The gnoll hits you with a +0 flail. The gnoll hits you with a +0 flail!
You die...

...### ..?#.. .
)...# .. ##...#
######
...#....###....#
............$#
............######
.........##......#
........gg@).....#
....g.#.###g.....#
....# #.# ##.....#
### #.. #..### ##.
.## .# .# .# # ..


You could see 3 gnolls and a goblin (wandering).

Vanquished Creatures
  A hound (D:4)
  A gnoll (D:2)
  An adder (D:4)
  2 orcs (D:3)
  A giant cockroach (D:4)
  A goblin (D:4)
  A bat (D:3)
  A frilled lizard (D:2)
  A kobold (D:2)
  A rat (D:3)
11 creatures vanquished.

Notes
Turn   | Place    | Note
-------+----------+-------------------------------------------
     0 | D:5      | drugrobin the Demigod Delver began the quest for the Orb.
     0 | D:5      | Reached XP level 1. HP: 18/18 MP: 3/3
    32 | D:5      | Noticed a jelly
   134 | D:5      | Noticed a water moccasin
   189 | D:4      | Reached XP level 2. HP: 25/25 MP: 4/4
   238 | D:4      | Reached XP level 3. HP: 16/30 MP: 5/5
   650 | D:2      | Slain by a gnoll

Illustrated notes

Levels and vault maps discovered:
D:2:      layout_rooms, minmay_pentomino_x2
D:3:      minmay_chambers_of_threes, layout_rooms, serial_curves,
          eino_curves_04, eino_curves_04, shapermc_ecumenical_altar_ellora,
          kennysheep_generic_room_9, uniq_sigmund
D:4:      layout_loops_cross, mainiacjoe_overflow_brackets,
          gammafunk_ghost_split
D:5:      layout_loops_corners, trog_ov_bears_minmay,
          mainiacjoe_overflow_cross_hatched, hangedman_decor_riveting,
          minmay_starry_boxes, uniq_duvessa, uniq_edmund, uniq_eustachio

Skill      XL: |  1  2 |
---------------+-------+-----
Long Blades    | 2 3 |  3.6
Fighting       | |  2.6
Dodging        | |  1.7
Stealth        | |  4.5

Action                   || total
-------------------------++-------
Melee: Falchion          ||    58
       Punch             ||     1
Armor: Leather armour    ||    23
Dodge: Dodged            ||    44

Table legend: (Time is in decaauts)
 A = Elapsed time spent in this place.
 B = Non-inter-level travel time spent in this place.
 C = Inter-level travel time spent in this place.
 D = Time resting spent in this place.
 E = Time spent auto-exploring this place.
 F = Levels seen in this place.
 G = Mean time per level.
                   A        B        C        D        E       F      G
               +--------+--------+--------+--------+--------+-----+--------+
         Total |    658 |    638 |     20 |     55 |    237 |   4 |  164.5 |
       Dungeon |    658 |    638 |     20 |     55 |    237 |   4 |  164.5 |
               +--------+--------+--------+--------+--------+-----+--------+

Top non-repeatable levels by time:
     D:3: 262 daAuts
     D:4: 215 daAuts
     D:5: 147 daAuts
     D:2: 33 daAuts
